AoeStats
← FC_Jp173

Arabia

510639731Analyzed
1v1 RM · 19h ago on Oct 1, 2026· 30m 31s· 2 players
Game mode
Random Map
Map size
Tiny (2 player)
Population
200
Speed
Normal
Resources
Standard
Victory
Conquest
Starting age
Dark Age
Ending age
Imperial Age
RankedLock teamsTeams togetherTeam positionsShared explorationLock speedFull tech treeHidden civsTurbo modeCheats
Victory
Defeat
🇨🇴 Franks · Colombia
995
+16
🇲🇽 Romans · Mexico
1002
-16
FC_Jp173
7:05 Loom
9:25 Feudal Age
15:23 Double-Bit Axe
22:26 Castle Age
22:21 Wheelbarrow
21:57 Scale Barding Armor
22:03 Forging
21:51 Gold Mining
23:49 Chain Barding Armor
24:10 Bow Saw
27:15 Iron Casting
Sir_ Arlan de Pennetry
4:41 Loom
10:15 Feudal Age
10:18 Man-at-Arms
17:56 Horse Collar
22:36 Castle Age
23:20 Double-Bit Axe
23:38 Squires
23:41 Pikeman
Connection lost

Rejoining the realm…

Still unreachable

The connection could not be restored.

Session expired

The server has moved on; the page needs a fresh start.